 Dungeon Crawl Stone Soup version 0.27.1-34-g3ba077fa99 (webtiles) character file.

Game seed: 2787221017604750363

18 Descartes the Gusty (level 2, 0/17 HPs)
             Began as an Octopode Wanderer on Jan 20, 2022.
             Slain by an adder (1 damage)
             ... on level 2 of the Dungeon.
             The game lasted 00:03:02 (1469 turns).

Descartes the Gusty (Octopode Wanderer)             Turns: 1469, Time: 00:03:02

Health: 0/17       AC:  1    Str: 11    XL:     2   Next: 66%
Magic:  1/5        EV: 12    Int: 15    God:
Gold:   17         SH:  0    Dex: 10    Spells: 4/5 levels left

rFire    . . .     SeeInvis .   a - +0 club
rCold    . . .     Faith    .   (no shield)
rNeg     . . .     Spirit   .   (helmet restricted)
rPois    .         Reflect  .   (no amulet)
rElec    .         Harm     .   (no ring)
rCorr    .         Rampage  .   (no ring)
Will     .....                  (no ring)
Stlth    ++........             (no ring)
HPRegen  0.05/turn              (no ring)
MPRegen  0.09/turn              (no ring)
                                (no ring)
                                (no ring)

@: no status effects
A: almost no armour, amphibious, 8 rings, camouflage 1, gelatinous body 1,
(nimble swimmer 1), tentacles
a: no special abilities


You were on level 2 of the Dungeon.
You visited 1 branch of the dungeon, and saw 2 of its levels.

You collected 17 gold pieces.

Inventory:

Hand Weapons
 a - a +0 club (weapon)
Missiles
 g - 26 stones (quivered)
Scrolls
 c - a scroll of amnesia {unknown}
 d - a scroll of teleportation {unknown}
 e - a scroll of fog {unknown}
 f - a scroll of silence {unknown}
 h - a scroll of holy word {unknown}
Potions
 b - a potion of curing


   Skills:
 - Level 1.3 Stealth
 - Level 1.0 Shields
 + Level 2.3 Spellcasting
 + Level 1.1 Conjurations
 - Level 2.0 Translocations
 - Level 1.0 Transmutations
 + Level 3.3 Air Magic


You had 4 spell levels left.
You knew the following spells:

 Your Spells              Type           Power      Damage    Failure   Level
a - Shock                 Conj/Air       32%        1d5       9%          1

Your spell library contained the following spells:

 Spells                   Type           Power      Damage    Failure   Level
 Static Discharge         Conj/Air       8%         N/A       13%         2
 Swiftness                Air            11%        N/A       17%         3
 Freeze                   Ice            4%         1d3       22%         1
 Ensorcelled Hibernation  Hex/Ice        2%         N/A       32%         2
 Spider Form              Tmut/Pois      1%         N/A       45%         3
 Airstrike                Air            5%         N/A       50%         4
 Frozen Ramparts          Ice            2%         1d2       54%         3
 Shadow Creatures         Summ           N/A        N/A       100%        6


Dungeon Overview and Level Annotations

Branches:
Dungeon (2/15)

Altars:
Trog


Innate Abilities, Weirdness & Mutations

You cannot wear most types of armour.
You are amphibious.
You can wear up to eight rings at the same time.
Your skin changes colour to match your surroundings (Stealth+).
Your rubbery body absorbs attacks. (AC +1, EV +1)
((You are camouflaged near water. (Stealth+)))
You have tentacles for arms and can constrict up to eight enemies at once.


Message History

Press: ? - help, Shift-Dir - straight line, f/p - adder
Aim: an adder (heavily wounded, 48% to hit)
The zap hits the adder.
The adder is severely wounded.
The adder bites you.
Casting: Shock (safe; 9% risk of failure)
Confirm with . or Enter, or press ? or * to list all spells.
You don't have enough magic to cast this spell.
Unknown command.
Casting: Shock (safe; 9% risk of failure)
Confirm with . or Enter, or press ? or * to list all spells.
You don't have enough magic to cast this spell.
Unknown command.
You miss the adder. Your grab misses the adder. Your squeeze misses the adder.
The adder is severely wounded.
The adder closely misses you. x2
You closely miss the adder. Your grab misses the adder.
The adder is severely wounded.
The adder bites you.
You hit the adder but do no damage. Your grab misses the adder.
Your squeeze misses the adder.
The adder is severely wounded.
The adder bites you.
You are poisoned.
The adder poisons you! The adder barely misses you.
You hit the adder. Your grab misses the adder. Your squeeze misses the adder.
The adder is almost dead.
You feel sick. The adder misses you. The adder bites you but does no damage.
You closely miss the adder. Your grab misses the adder.
The adder is almost dead.
You feel sick. The adder closely misses you.
You barely miss the adder. You grab the adder.
The adder is almost dead.
You constrict the adder, but do no damage.
You feel sick.
You are no longer poisoned.
The adder bites you.
* * * LOW HITPOINT WARNING * * *
The adder bites you.
You die...

###.## #..#
########.#
#........#
#.#####.[# # #.#
#..# #..
#.#####..#
.....###.#......#
......S@...###.##
##.#####.### #.#
#.#####.#
#.......#
#########


You could see an adder.

Vanquished Creatures
  A dart slug (D:1)
  A ball python (D:1)
  A bat (D:1)
  3 endoplasms
  A giant cockroach (D:1)
  2 goblins (D:1)
  A frilled lizard (D:1)
  A kobold (D:1)
  4 rats (D:1)
15 creatures vanquished.

Vanquished Creatures (others)
  5 plants (D:1)
5 creatures vanquished.

Grand Total: 20 creatures vanquished

Notes
Turn   | Place    | Note
-------+----------+-------------------------------------------
     0 | D:1      | Descartes the Octopode Wanderer began the quest for the
                  | Orb.
     0 | D:1      | Descartes set off with the following items: a +0 club, a
                  | potion of curing; and the following spells available to
                  | memorise: Shock, Static Discharge, Swiftness, Freeze,
                  | Frozen Ramparts, Airstrike
     0 | D:1      | Reached XP level 1. HP: 11/11 MP: 3/3
     2 | D:1      | Learned a level 1 spell: Shock
   222 | D:1      | Reached XP level 2. HP: 17/17 MP: 1/5
   752 | D:1      | Reached skill level 1 in Conjurations
   930 | D:1      | Found a faded altar of an unknown god.
  1285 | D:1      | Became a worshipper of Trog the Wrathful
  1285 | D:1      | Reached * piety under Trog
  1286 | D:1      | Fell from the grace of Trog
  1469 | D:2      | Slain by an adder

Illustrated notes

Levels and vault maps discovered:
D:1:      minmay_arrival_wavy_path, layout_basic,
          shapermc_ecumenical_altar_flowoftime, serial_bayou_ford_a,
          minivault_24, serial_bayou_pond_e, kennysheep_pointless_box
D:2:      layout_loops_corners

Skill      XL: |  1  2 |
---------------+-------+-----
Conjurations   | 1 |  1.1
Stealth        | |  1.3
Shields        | |  1.0
Spellcasting   | |  2.3
Translocations | |  2.0
Transmutations | |  1.0
Air Magic      | |  3.3

Action                   || total
-------------------------++-------
Melee: Club              ||    10
       Constrict         ||     1
 Cast: Shock             ||    39
Invok: Renounce Religion ||     1
Armor: Skin              ||     1
Dodge: Dodged            ||     6
